AoeStats
← AJ0

Arabia

510858369Analyzed
1v1 RM · 10h ago on Oct 2, 2026· 33m 0s· 2 players
Game mode
Random Map
Map size
Tiny (2 player)
Population
200
Speed
Normal
Resources
Standard
Victory
Conquest
Starting age
Dark Age
Ending age
Imperial Age
RankedLock teamsTeams togetherTeam positionsShared explorationLock speedFull tech treeHidden civsTurbo modeCheats
Victory
Defeat
🇨🇱 Burmese · Chile
1194
+15
🇨🇴 Persians · Colombia
1172
-15
AJ0
5:59 Loom
8:46 Feudal Age
9:07 Double-Bit Axe
20:55 Castle Age
18:41 Horse Collar
19:10 Gold Mining
21:04 Scale Mail Armor
21:48 Wheelbarrow
22:44 Bow Saw
22:47 Town Watch
23:33 Padded Archer Armor
23:23 Fletching
Nelo
4:46 Loom
8:19 Loom
10:21 Feudal Age
19:06 Castle Age
17:14 Horse Collar
19:07 Padded Archer Armor
19:36 Fletching
20:33 Husbandry
21:54 Bloodlines
30:16 Town Watch
30:38 Heavy Plow
34:52 Imperial Age
33:33 Wheelbarrow
Connection lost

Rejoining the realm…

Still unreachable

The connection could not be restored.

Session expired

The server has moved on; the page needs a fresh start.